 Dungeon Crawl Stone Soup version 0.28-a0-804-g60983d4ba9 (webtiles) character file.

Game seed: 11527789357969166092

560 siradein the Covered (level 7, -1/61 HPs)
             Began as a Minotaur Fighter on Nov 8, 2021.
             Slain by a killer bee (7 damage)
             ... on level 5 of the Dungeon.
             The game lasted 00:16:53 (4011 turns).

siradein the Covered (Minotaur Fighter)             Turns: 4011, Time: 00:16:53

Health: -1/61      AC:  9    Str: 22    XL:     7   Next: 9%
Magic:  6/6        EV: 10    Int:  5    God:
Gold:   238        SH:  5    Dex: 10    Spells: 4/6 levels left

rFire   . . .      SeeInvis .   a - +0 long sword
rCold   . . .      Faith    .   c - +0 buckler
rNeg    . . .      Spirit   .   b - +0 scale mail
rPois   .          Reflect  .   (helmet restricted)
rElec   .          Harm     .   t - +0 cloak
rCorr   .          Rampage  .   (no gloves)
Will    .....                   (no boots)
Stlth   ..........              (no amulet)
HPRegen 0.20/turn               h - +4 ring of protection
MPRegen 0.10/turn               w - ring of wizardry

@: mighty, lethally poisoned (-1 -> -6)
A: horns 2, retaliatory headbutt, hooves 1, deformed body
a: no special abilities


You were on level 5 of the Dungeon.
You visited 1 branch of the dungeon, and saw 6 of its levels.

You collected 238 gold pieces.

Inventory:

Hand Weapons
 a - a +0 long sword (weapon)
Missiles
 v - 4 silver javelins
 x - 17 poisoned darts (quivered)
 A - 4 atropa-tipped darts
Armour
 b - a +0 scale mail (worn)
 c - a +0 buckler (worn)
 p - a +0 tower shield
 t - a +0 cloak (worn)
Jewellery
 g - a ring of fire
 h - a +4 ring of protection (left hand)
 w - a ring of wizardry (right hand)
 y - a +6 ring of intelligence
Wands
 o - a wand of flame (18)
Scrolls
 e - 2 scrolls of amnesia {unknown}
 f - a scroll of identify {unknown}
 k - a scroll of enchant armour {unknown}
 m - a scroll of vulnerability {unknown}
 q - a scroll of blinking {unknown}
 r - a scroll of fog {unknown}
 u - 2 scrolls of teleportation {unknown}
 B - a scroll of magic mapping {unknown}
Potions
 i - a potion of brilliance {unknown}
 j - a potion of heal wounds {unknown}
 l - a potion of degeneration {unknown}
 n - a potion of attraction {unknown}
 s - a potion of flight {unknown}
 z - a potion of mutation


   Skills:
 + Level 5.2 Fighting
 + Level 4.4 Long Blades
 + Level 1.5 Throwing
 + Level 5.3 Armour
 + Level 3.1 Dodging
 + Level 5.2 Shields
 + Level 0.9 Transmutations


You had 4 spell levels left.
You knew the following spells:

 Your Spells              Type           Power      Damage    Failure   Level
a - Wereblood             Tmut           0%         N/A       45%         2

Your spell library contained the following spells:

 Spells                   Type           Power      Damage    Failure   Level
 Beastly Appendage        Tmut           0%         N/A       32%         1
 Sublimation of Blood     Necr           0%         N/A       58%         2
 Spider Form              Tmut/Pois      0%         N/A       75%         3
 Summon Hydra             Summ           0%         N/A       100%        7


Dungeon Overview and Level Annotations

Branches:
Dungeon (6/15)
 Temple: D:4-7

Altars:
Cheibriados
Fedhas

Shops:
D:3 !

Annotations:
D:5 1 runed translucent door, Crazy Yiuf


Innate Abilities, Weirdness & Mutations

You have a pair of horns on your head.
You reflexively headbutt those who attack you in melee.
You have large cloven feet.
Armour fits poorly on your strangely shaped body.


Message History

You miss the killer bee. Your headbutt misses the killer bee.
The killer bee stings you. x2
* * * LOW HITPOINT WARNING * * *
The killer bee stings you.
* * * LOW HITPOINT WARNING * * *
You closely miss the killer bee. You headbutt the killer bee!
The killer bee is heavily wounded.
The killer bee stings you.
* * * LOW HITPOINT WARNING * * *
The killer bee barely misses you.
It was a potion of mutation.
You feel extremely strange.
Your body twists and deforms.
Your feet thicken and deform.
The killer bee barely misses you. You furiously retaliate!
You headbutt the killer bee. The killer bee closely misses you.
You furiously retaliate!
You headbutt the killer bee. You hit the killer bee.
Your headbutt misses the killer bee.
The killer bee is almost dead.
The killer bee stings you but does no damage. x2
You closely miss the killer bee. Your headbutt misses the killer bee.
The killer bee is almost dead.
The killer bee stings you.
* * * LOW HITPOINT WARNING * * *
The killer bee completely misses you. The killer bee barely misses you.
You miss the killer bee.
The killer bee is almost dead.
The killer bee stings you but does no damage.
The killer bee stings you.
* * * LOW HITPOINT WARNING * * *
You are poisoned.
The killer bee poisons you!
You feel very mighty all of a sudden.
* * * LOW HITPOINT WARNING * * *
You feel sick. The killer bee closely misses you.
The killer bee stings you but does no damage.
You barely miss the killer bee. Your kick misses the killer bee.
The killer bee is almost dead.
* * * LOW HITPOINT WARNING * * *
You feel sick. The killer bee closely misses you.
You block the killer bee's attack. The killer bee stings you!
You die...

....###........#.#...##......#
###.###....###...#...######.##
#..........#...#...# #.#
##########.##..#...# #.#
#.##..#...# #.#
#######.##.>....# #.#
#...†...###.#.#.######.#
#.####### #y#.......##.# #.#
#@##.####.##.# #.#
#......##.##.## #.#
####.#.##.....# ######.#
#.#.######## .......# #.#.#
######## #...# #####


You could see a killer bee.

Vanquished Creatures
  A water moccasin (D:5)
  A wyvern zombie (D:5)
  A killer bee (D:5)
  A hound (D:5)
  An iron imp (D:3)
  An iguana (D:4)
  2 hound skeletons (D:4)
  7 gnolls
  9 adders
  A howler monkey skeleton (D:4)
  A shadow imp (D:3)
  4 dart slugs
  3 bats (D:2)
  12 endoplasms
  3 giant cockroaches
  3 goblins
  3 hobgoblins
  4 jackals (D:2)
  2 kobolds (D:2)
  7 quokkas
  4 ball pythons
  5 frilled lizards
  8 rats
84 creatures vanquished.

Vanquished Creatures (others)
  3 fungi (D:5)
3 creatures vanquished.

Grand Total: 87 creatures vanquished

Notes
Turn   | Place    | Note
-------+----------+-------------------------------------------
     0 | D:1      | siradein the Minotaur Fighter began the quest for the Orb.
     0 | D:1      | Reached XP level 1. HP: 19/19 MP: 0/0
   282 | D:1      | Reached XP level 2. HP: 27/27 MP: 1/1
   297 | D:1      | Found a faded altar of an unknown god.
   954 | D:2      | Reached XP level 3. HP: 33/33 MP: 2/2
   988 | D:2      | Reached skill level 1 in Dodging
  1056 | D:2      | Reached XP level 4. HP: 30/40 MP: 3/3
  1520 | D:3      | Found a snail-covered altar of Cheibriados.
  1891 | D:3      | Reached XP level 5. HP: 43/47 MP: 4/4
  2134 | D:3      | Found Xushre Idah's Distillery.
  2657 | D:4      | Found a blossoming altar of Fedhas.
  2846 | D:4      | Reached XP level 6. HP: 55/55 MP: 5/5
  2881 | D:4      | Reached skill level 5 in Armour
  2885 | D:4      | Learned a level 2 spell: Wereblood
  3000 | D:5      | Entered Level 5 of the Dungeon
  3014 | D:5      | Noticed a water moccasin
  3027 | D:5      | Killed a water moccasin
  3028 | D:5      | Reached skill level 5 in Fighting
  3028 | D:5      | Reached skill level 1 in Throwing
  3028 | D:5      | Reached skill level 5 in Shields
  3733 | D:5      | Reached XP level 7. HP: 61/61 MP: 6/6
  3799 | D:5      | Found a runed translucent door.
  3800 | D:5      | Noticed Crazy Yiuf
  4006 | D:5      | Gained mutation: Armour fits poorly on your strangely
                  | shaped body. [potion of mutation]
  4006 | D:5      | Gained mutation: You have large cloven feet. [potion of
                  | mutation]
  4011 | D:5      | Slain by a killer bee

Illustrated notes

Levels and vault maps discovered:
D:1:      amcnicky_arrival_double_pillar, layout_basic,
          shapermc_ecumenical_altar_pompeii
D:2:      layout_rooms
D:3:      layout_basic, chei_slow_surprise, serial_shops, nicolae_shop_trees
D:4:      wander_river, layout_cave_pools, fedhas_altar_2
D:5:      layout_basic, uniq_crazy_yiuf_cottage
D:6:      layout_basic, minmay_temple_entry_crystal_x, serial_shops, shop,
          biasface_ghost_orc_armoury, mrwooster_statue_mirror

Skill      XL: |  1  2  3  4  5  6 |
---------------+-------------------+-----
Shields        | 4 5 |  5.2
Fighting       | 4 5 |  5.2
Armour         | 4 5 |  5.3
Dodging        | 1 2 3 |  3.1
Long Blades    | 3 4 |  4.4
Throwing       | 1 |  1.5
Transmutations | |  0.9

Action                   |  1- 3 |  4- 6 |  7- 9 || total
-------------------------+-------+-------+-------++-------
Melee: Long sword        |    69 |   137 |    29 ||   235
       Headbutt          |    12 |    26 |     2 ||    40
  Use: Potion            |       |       |     2 ||     2
Armor: Scale mail        |    26 |    59 |    27 ||   112
Dodge: Dodged            |    42 |    73 |    29 ||   144
Block: Buckler           |    15 |    25 |    16 ||    56

Table legend: (Time is in decaauts)
 A = Elapsed time spent in this place.
 B = Non-inter-level travel time spent in this place.
 C = Inter-level travel time spent in this place.
 D = Time resting spent in this place.
 E = Time spent auto-exploring this place.
 F = Levels seen in this place.
 G = Mean time per level.
                   A        B        C        D        E       F      G
               +--------+--------+--------+--------+--------+-----+--------+
         Total |   4073 |   3878 |    195 |    117 |   3035 |   6 |  678.8 |
       Dungeon |   4073 |   3878 |    195 |    117 |   3035 |   6 |  678.8 |
               +--------+--------+--------+--------+--------+-----+--------+

Top non-repeatable levels by time:
     D:5: 1019 daAuts
     D:3: 987 daAuts
     D:1: 900 daAuts
     D:4: 585 daAuts
     D:2: 577 daAuts
     D:6: 3 daAuts
